 Dungeon Crawl Stone Soup version 0.27.0-1-g7a089689b8 (webtiles) character file.

Game seed: 9381700787622733187

10156 SnakkuSnakku7 the Carver (level 11, -8/111 HPs)
             Began as a Vampire Hedge Wizard on Aug 14, 2021.
             Was an Elder of Kikubaaqudgha.
             Mangled by a moth of wrath (shapeshifter) (19 damage)
             ... in a Gauntlet.
             The game lasted 00:20:04 (10931 turns).

SnakkuSnakku7 the Carver (Vampire Hedge Wizard)    Turns: 10931, Time: 00:20:04

Health: -8/111     AC: 10    Str: 16    XL:     11   Next: 32%
Magic:  15/15      EV: 12    Int: 18    God:    Kikubaaqudgha [****..]
Gold:   182        SH:  5    Dex: 13    Spells: 13/16 levels left

rFire    + . .     SeeInvis +   a - +1 scimitar (venom)
rCold    . . .     Faith    .   (no shield)
rNeg     + . .     Spirit   .   K - +0 troll leather armour
rPois    +         Reflect  +   x - +0 helmet
rElec    .         Harm     .   E - +2 cloak
rCorr    .         Rampage  .   D - +0 pair of gloves
Will     +....     NoTele   +   d - +0 pair of boots
Stlth    ..........             e - amulet of reflection
HPRegen  1.48/turn              g - ring of wizardry
MPRegen  0.14/turn              v - ring of Lingaf {Contam rPois rF+ rN+ Str+4}

@: berserking, healing quickly, very quick
A: alive, fangs 3, see invisible, vampiric 2
a: Exsanguinate, Renounce Religion, Receive Corpses


You were in a Gauntlet.
You worshipped Kikubaaqudgha.
Kikubaaqudgha was greatly pleased with you.
You visited 3 branches of the dungeon, and saw 12 of its levels.
You also visited: Sewer and Gauntlet.

You collected 634 gold pieces.
You spent 452 gold pieces at shops.

Inventory:

Hand Weapons
 a - a +1 scimitar of venom (weapon)
Missiles
 t - 42 poisoned darts (quivered)
Armour
 d - a +0 pair of boots (worn)
 l - a +0 ring mail
 x - a +0 helmet (worn)
 D - a +0 pair of gloves (worn)
 E - a +2 cloak (worn)
 K - a +0 troll leather armour (worn)
Jewellery
 e - an amulet of reflection (around neck)
 g - a ring of wizardry (left hand)
 v - the ring of Lingaf (right hand) {Contam rPois rF+ rN+ Str+4}
   (You acquired it on level 9 of the Dungeon)

   [ring of protection from fire]

   Str:       It affects your strength (+4).
   rF:        It protects you from fire.
   rPois:     It protects you from poison.
   rN:        It protects you from negative energy.
   Contam:    It causes magical contamination when unequipped.
Wands
 k - a wand of paralysis (6)
 s - a wand of polymorph (11)
 u - a wand of iceblast (2)
 w - a wand of digging (13)
 F - a wand of mindburst (11)
 H - a wand of flame (16)
 L - a wand of charming (6)
Scrolls
 c - 4 scrolls of amnesia
 i - a scroll of magic mapping
 j - a scroll of fear {unknown}
 n - 3 scrolls of teleportation
 o - 4 scrolls of enchant weapon
 p - a scroll of enchant armour
 y - 5 scrolls of blinking
Potions
 f - a potion of might
 h - 3 potions of heal wounds
 m - a potion of berserk rage
 q - 3 potions of flight
 r - 4 potions of curing
 z - 2 potions of ambrosia
 A - a potion of brilliance
 B - 2 potions of haste
Miscellaneous
 b - a condenser vane
 C - a tin of tremorstones (2/2)


   Skills:
 - Level 2.8 Fighting
 + Level 13.8 Long Blades
 - Level 4.0 Throwing
 - Level 2.1 Dodging
 - Level 3.0 Stealth
 - Level 3.0 Spellcasting
 - Level 0.6 Conjurations
 - Level 3.6 Hexes
 - Level 1.0 Summonings
 - Level 0.7 Translocations
 + Level 7.5 Evocations


You had 13 spell levels left.
You knew the following spells:

 Your Spells              Type           Power      Damage    Failure   Level
a - Magic Dart            Conj           16%        1d3       6%          1
z - Slow                  Hex            15%        N/A       2%          2

Your spell library contained the following spells:

 Spells                   Type           Power      Damage    Failure   Level
 Animate Skeleton         Necr           4%         N/A       9%          1
 Freeze                   Ice            8%         1d3       9%          1
 Pain                     Necr           8%         1d4       9%          1
 Blink                    Tloc           N/A        N/A       9%          2
 Call Imp                 Summ           6%         N/A       9%          2
 Searing Ray              Conj           8%         3d3       10%         2
 Portal Projectile        Hex/Tloc       20%        N/A       10%         3
 Corpse Rot               Necr/Air       N/A        N/A       12%         2
 Cause Fear               Hex            7%         N/A       17%         4
 Conjure Flame            Conj/Fire      3%         6-21      21%         3
 Mephitic Cloud           Conj/Pois/Air  3%         N/A       22%         3
 Frozen Ramparts          Ice            4%         1d2       24%         3
 Vampiric Draining        Necr           1%         2d6       24%         3
 Fulminant Prism          Conj/Hex       5%         3d7       32%         4
 Hailstorm                Conj/Ice       3%         3d3       54%         4
 Dispel Undead            Necr           2%         3d7       58%         4
 Agony                    Necr           2%         N/A       89%         5
 Blade Hands              Tmut           1%         N/A       89%         5
 Excruciating Wounds      Necr           1%         N/A       89%         5
 Death Channel            Necr           1%         N/A       100%        6
 Simulacrum               Ice/Necr       1%         N/A       100%        6
 Dragon Form              Tmut           1%         N/A       100%        7
 Dragon's Call            Summ           3%         N/A       100%        9


Dungeon Overview and Level Annotations

Branches:
Dungeon (10/15)            Temple (1/1) D:4            Lair (1/6) D:9
  Sewer (visited)         Gauntlet (1/1)
    Orc: D:9-12

Altars:
Ashenzari
Cheibriados
Dithmenos
Elyvilon
Fedhas
Gozag
Hepliaklqana
Kikubaaqudgha
Makhleb
Okawaru
Qazlal
Ru
Sif Muna
Trog
Uskayaw
Vehumet
Wu Jian
Xom
Yredelemnul
Zin
The Shining One
Lugonu

Shops:
D:7 !   D:8 ?   D:9 =

Annotations:
D:2 yiuf
D:5 3 runed translucent doors, voltaire321's ghost, amateur DEAE
D:9 exclusion: orange crystal statue Gauntlet 16 transporters


Innate Abilities, Weirdness & Mutations

Your natural rate of healing is accelerated.
You have razor-sharp teeth.
You have supernaturally acute eyesight. (SInv)
You are afflicted with vampirism and can become a bat while bloodless.


Message History

The moth of wrath loses its grip on you.
The anaconda changes into a moth of wrath!
Unknown command.
You hit the moth of wrath.
The moth of wrath is poisoned.
The moth of wrath is lightly wounded.
Unknown command.
You closely miss the moth of wrath.
The moth of wrath is lightly wounded.
You block the moth of wrath's attack.
You slash the moth of wrath!
The moth of wrath looks as sick as possible!
The moth of wrath is moderately wounded.
The moth of wrath bites you!
You barely miss the moth of wrath.
The moth of wrath is moderately wounded.
The moth of wrath bites you!
Unknown command.
You slash the moth of wrath!
The moth of wrath looks as sick as possible!
The moth of wrath is heavily wounded.
The yak changes into a tarantella!
The moth of wrath bites you!
You barely miss the moth of wrath.
The moth of wrath is severely wounded.
You block the moth of wrath's attack.
Unknown command.
The moth of wrath bites you!!
* * * LOW HITPOINT WARNING * * *
The moth of wrath infuriates you!
A red film seems to cover your vision as you go berserk!
You feel yourself moving faster!
You feel mighty!
Unknown command.
You closely miss the moth of wrath. You bite the moth of wrath.
The moth of wrath is severely wounded.
Unknown command.
You slash the moth of wrath!
The moth of wrath looks as sick as possible!
The moth of wrath is almost dead.
The moth of wrath bites you!!
You die...
Kikubaaqudgha rasps: "You have failed me!
Welcome... death!"

################ #####.
8≈§#©.........©. .... ≈8≈§#.
################ #### ######.
..≈≈...#.#..}.©! #.#.. ......#.
≈≈..≈≈.#.#..##.# #.#.. ###...#.
≈..≈..≈#.#.#..# .#.#.. #...?#.
.≈≈.≈.≈#.#.#..# .#.#.#.#. #..#"#.
.≈..≈≈.#.#..#####..#.#.######.©#©
.≈≈....#.#.#..#©@#.#.#.#.©#..#.##
≈..≈≈..#.#Y#..#y.#.#.#....#....#.
.≈≈.≈≈≈#.#..##s##..#.#...###...#.
..≈.©..#.#.........#.#.........#.
########.###########.###########.
..............©..................
.................................
#############.∩.#################
8# #8# #8# #...# #8# #8# #8# #8


You could see a moth of wrath shaped shifter (extremely poisoned) and a
tarantella shaped shifter.

Vanquished Creatures
  A centaur warrior (D:10)
  Maurice (D:8)
  A cane toad (Lair:1)
  Joseph (Lair:1)
  Psyche (D:8)
  A rime drake (Lair:1)
  2 unseen horrors (D:10)
  A komodo dragon (D:10)
  A troll (D:9)
  20 yaks
  3 vampire mosquitoes (D:10)
  A water moccasin (D:7)
  2 ice beasts
  Purgy (Sewer)
  A sky beast (D:6)
  A necrophage (D:5)
  A wolf (D:9)
  A centaur (D:9)
  2 kobold brigands
  6 bullfrogs
  3 scorpions
  A gnoll sergeant (D:10)
  2 water moccasin zombies
  A water moccasin skeleton (D:5)
  11 killer bees
  5 wights
  An electric eel (D:9)
  5 centaur zombies
  A quasit (D:7)
  8 hounds
  An orc priest (D:6)
  Crazy Yiuf (D:2)
  3 bullfrog skeletons
  A gnoll shaman (D:7)
  A scorpion zombie (D:5)
  An orc wizard (D:2)
  A killer bee zombie (D:6)
  2 howler monkey zombies
  Robin (D:4)
  8 gnolls
  6 adders
  13 river rats
  2 worms
  2 dart slugs
  15 orcs
  5 ball pythons
  5 endoplasms
  7 giant cockroaches
  9 hobgoblins
  9 jackals
  18 kobolds
  7 quokkas
  9 bats
  2 frilled lizards (D:2)
  10 goblins
  3 goblin skeletons (D:7)
  2 goblin zombies (D:7)
  2 hobgoblin zombies (D:7)
  A kobold zombie (D:7)
  An orc skeleton (D:7)
  An orc zombie (D:7)
  18 rats
  A spectral orc (D:3)
255 creatures vanquished.

Vanquished Creatures (others)
  A kobold (D:9)
  21 demonic plants (Gauntlet)
  2 fungi (D:2)
  2 plants (Lair:1)
26 creatures vanquished.

Grand Total: 281 creatures vanquished

Notes
Turn   | Place    | Note
-------+----------+-------------------------------------------
     0 | D:1      | SnakkuSnakku7 the Vampire Hedge Wizard began the quest for
                  | the Orb.
     0 | D:1      | Reached XP level 1. HP: 13/13 MP: 4/4
   102 | D:1      | Reached skill level 1 in Hexes
   453 | D:1      | Reached XP level 2. HP: 12/19 MP: 6/6
   456 | D:1      | Learned a level 2 spell: Slow
  1321 | D:2      | Found a faded altar of an unknown god.
  1468 | D:2      | Gained mutation: You are afflicted with vampirism and can
                  | become a bat while bloodless. [Vampire growth]
  1468 | D:2      | Reached XP level 3. HP: 17/25 MP: 7/7
  1808 | D:2      | Reached skill level 1 in Long Blades
  2113 | D:3      | Reached skill level 1 in Fighting
  2265 | D:3      | Found a hazy altar of Hepliaklqana.
  2357 | D:2      | Reached XP level 4. HP: 30/32 MP: 8/8
  2390 | D:2      | Reached skill level 2 in Long Blades
  2951 | D:4      | Reached XP level 5. HP: 26/38 MP: 7/9
  3103 | D:4      | Found an opulent altar of Gozag.
  3236 | D:4      | Reached skill level 3 in Long Blades
  3376 | D:4      | Found a staircase to the Ecumenical Temple.
  3376 | D:4      | Noticed Robin
  3572 | D:4      | Found an iron altar of Okawaru.
  3600 | D:4      | Killed Robin
  3601 | D:4      | Reached skill level 1 in Throwing
  3783 | Temple   | Entered the Ecumenical Temple
  3797 | Temple   | Became a worshipper of Kikubaaqudgha
  3851 | D:4      | Reached XP level 6. HP: 41/46 MP: 10/10
  4027 | D:5      | Entered Level 5 of the Dungeon
  4027 | D:5      | Found a shimmering altar of Xom.
  4078 | D:5      | Reached skill level 4 in Long Blades
  4097 | D:5      | Found a stormy altar of Qazlal.
  4138 | D:5      | Found a radiant altar of Vehumet.
  4200 | D:5      | Found a bloodstained altar of Trog.
  4331 | D:5      | Found a runed translucent gate.
  4331 | D:5      | Found a runed translucent gate.
  4331 | D:5      | Found a runed translucent gate.
  4331 | D:5      | Noticed voltaire321's ghost (amateur DEAE)
  4333 | D:5      | Found a basalt altar of Yredelemnul.
  4340 | D:5      | Reached XP level 7. HP: 47/51 MP: 11/11
  4499 | D:5      | Reached skill level 5 in Long Blades
  4503 | D:5      | Reached * piety under Kikubaaqudgha
  4503 | D:5      | Received a gift from Kikubaaqudgha
  4915 | D:6      | Found a hide-covered altar of Uskayaw.
  5220 | D:5      | Reached skill level 6 in Long Blades
  5298 | D:6      | Found a sacrificial altar of Ru.
  5314 | D:6      | Reached XP level 8. HP: 43/57 MP: 12/12
  5375 | D:6      | Reached ** piety under Kikubaaqudgha
  5377 | D:6      | Found a glowing drain.
  5412 | Sewer    | Entered a sewer
  5461 | Sewer    | Noticed Purgy
  5479 | Sewer    | Killed Purgy
  5480 | Sewer    | Reached skill level 7 in Long Blades
  6147 | D:6      | Reached skill level 8 in Long Blades
  6428 | D:6      | Reached skill level 9 in Long Blades
  6662 | D:6      | Reached XP level 9. HP: 49/62 MP: 13/13
  6910 | D:7      | Reached skill level 10 in Long Blades
  7002 | D:7      | Reached *** piety under Kikubaaqudgha
  7002 | D:7      | Received a gift from Kikubaaqudgha
  7256 | D:7      | Found Mach's Distillery.
  7265 | D:7      | Bought a potion of haste for 150 gold pieces
  7265 | D:7      | Bought a potion of might for 60 gold pieces
  7265 | D:7      | Bought a potion of degeneration for 15 gold pieces
  7265 | D:7      | Bought a potion of berserk rage for 75 gold pieces
  7273 | D:7      | Found a blossoming altar of Fedhas.
  7376 | D:8      | Found a shimmering blue altar of Sif Muna.
  7688 | D:2      | Found a runed translucent door.
  7689 | D:2      | Noticed Crazy Yiuf
  7704 | D:2      | Killed Crazy Yiuf
  7862 | D:8      | Noticed Maurice
  8033 | D:7      | Reached skill level 11 in Long Blades
  8073 | D:8      | Killed Maurice
  8094 | D:8      | Noticed Psyche
  8104 | D:8      | Killed Psyche
  8105 | D:8      | Reached skill level 1 in Evocations
  8329 | D:8      | Found Rerroux's Magic Scroll Boutique.
  8443 | D:8      | Reached skill level 12 in Long Blades
  8462 | D:8      | HP: 3/62 [poisoned by a killer bee]
  8616 | D:8      | Found a snail-covered altar of Cheibriados.
  8649 | D:8      | Bought a scroll of blinking for 120 gold pieces
  8649 | D:8      | Bought a scroll of fog for 32 gold pieces
  8852 | D:9      | Noticed an orange crystal statue
  8930 | D:9      | Reached XP level 10. HP: 69/69 MP: 14/14
  9173 | D:9      | Found a staircase to the Lair.
  9337 | D:9      | Found Emybrou's Jewellery Shoppe.
  9560 | D:9      | Identified a scroll of acquirement
  9561 | D:9      | Acquired the ring of Lingaf {Contam rPois rF+ rN+ Str+4}
  9583 | D:10     | Entered Level 10 of the Dungeon
  9688 | D:10     | Noticed a centaur warrior
  9705 | D:10     | Killed a centaur warrior
  9706 | D:10     | Reached skill level 5 in Evocations
  9775 | D:10     | Reached skill level 13 in Long Blades
  9916 | D:10     | Reached **** piety under Kikubaaqudgha
 10021 | D:10     | Reached XP level 11. HP: 68/74 MP: 15/15
 10507 | Lair:1   | Entered Level 1 of the Lair of Beasts
 10527 | Lair:1   | Noticed an eight-headed hydra
 10580 | Lair:1   | Found a gate leading to a gauntlet.
 10619 | Lair:1   | Noticed Joseph
 10640 | Lair:1   | Killed Joseph
 10669 | Gauntlet | Entered a Gauntlet
 10669 | Gauntlet | Found a transporter.
 10672 | Gauntlet | Noticed a harpy
 10678 | Gauntlet | Found a transporter.
 10680 | Gauntlet | Found a transporter.
 10682 | Gauntlet | Found a transporter.
 10697 | Gauntlet | Found a transporter.
 10712 | Gauntlet | Found a transporter.
 10720 | Gauntlet | Found a transporter.
 10738 | Gauntlet | Noticed an eight-headed hydra
 10745 | Gauntlet | Found a transporter.
 10758 | Gauntlet | Found a transporter.
 10770 | Gauntlet | Found a transporter.
 10771 | Gauntlet | Noticed a hell hog
 10782 | Gauntlet | Found a transporter.
 10797 | Gauntlet | Found a transporter.
 10806 | Gauntlet | Found a transporter.
 10812 | Gauntlet | Found a transporter.
 10812 | Gauntlet | Found a transporter.
 10834 | Gauntlet | Found a transporter.
 10886 | Gauntlet | Found a transporter.
 10911 | Gauntlet | Noticed an anaconda
 10922 | Gauntlet | an anaconda changed into a moth of wrath
 10931 | Gauntlet | Mangled by a moth of wrath (shapeshifter)

Illustrated notes

Levels and vault maps discovered:
D:1:      minmay_arrival_cross, layout_basic, minmay_worlds_worst_comb
D:2:      layout_basic, shapermc_ecumenical_altar_mp_urbaneastern,
          serial_rivers, chequers_serial_rivers_micro_d,
          chequers_serial_rivers_large_b, chequers_serial_rivers_micro_b,
          chequers_serial_rivers_room_a, chequers_serial_rivers_micro_e,
          kennysheep_generic_room_3, uniq_crazy_yiuf_cottage
D:3:      layout_basic, nicolae_hepliaklqana_monster_ancestors, serial_rivers,
          chequers_serial_rivers_micro_a, chequers_serial_rivers_small_b,
          chequers_serial_rivers_micro_d, chequers_serial_rivers_micro_e,
          chequers_serial_rivers_micro_a, chequers_serial_rivers_micro_e,
          chequers_garden
D:4:      layout_rooms, nicolae_gozag_cash_rules_everything_around_me,
          mainiacjoe_overflow_concentric_impassable, temple_green,
          minmay_box_of_dots, uniq_robin
D:5:      lemuel_ratsnest, layout_rooms, mainiacjoe_overflow_catwalk,
          nicolae_qazlal_scattered_showers, nicolae_yredelemnul_ghost_church,
          mainiacjoe_overflow_alcove_2, nicolae_vehumet_radiance
D:6:      layout_basic, eat_drink_and_be_merry_uskayaw,
          nicolae_ru_sacrificial_ziggurat, portal_sewer_entry_e
D:7:      layout_cave_pools, lemuel_tele_altar, fedhas_altar_fruit_tree,
          nicolae_tso_besieged_by_evil, serial_shops, shop,
          hangedman_decor_lopped
D:8:      layout_loops_corners, mainiacjoe_overflow_boulevard,
          mainiacjoe_overflow_catwalk_spiral, serial_shops,
          nicolae_shop_waterfront, uniq_psyche, uniq_maurice
D:9:      layout_roguey, erik_lair_island, serial_shops, shop, minivault_16
D:10:     layout_gridville
Temple:   corrupted_temple
Lair:1:   layout_regular_city, gauntlet_entry_generic,
          chequers_serial_rivers_micro_b, chequers_serial_rivers_small_b,
          minmay_holes, minmay_lair_oklob_chamber, serial_bayou_shore_a,
          uniq_joseph, uniq_erica
Gauntlet: gammafunk_gauntlet_one_two_three [nicolae_gauntlet_arena_quarters,
          nicolae_gauntlet_arena_flowing_pool, nicolae_gauntlet_arena_t_cross,
          gammafunk_gauntlet_arena_split_x, nicolae_gauntlet_swirl,
          nicolae_gauntlet_arena_blocks, gammafunk_gauntlet_arena_hedges,
          gammafunk_gauntlet_arena_spirals, nicolae_gauntlet_arena_x,
          gauntlet_exit_watery]

Skill      XL: |  1  2  3  4  5  6  7  8  9 10 11 |
---------------+----------------------------------+-----
Hexes          | 2 3 |  3.6
Long Blades    | 1 2 3 4 6 9 12 13 | 13.8
Fighting       | 1 2 |  2.8
Throwing       | 1 2 4 |  4.0
Evocations     | 2 6 7 |  7.5
Dodging        | |  2.1
Stealth        | |  3.0
Spellcasting   | |  3.0
Conjurations   | |  0.6
Summonings     | |  1.0
Translocations | |  0.7

Action                   |  1- 3 |  4- 6 |  7- 9 | 10-12 || total
-------------------------+-------+-------+-------+-------++-------
Melee: Dagger            |    57 |    44 |   339 |    68 ||   508
       Bite              |     8 |    17 |    48 |    53 ||   126
       Spear             |    37 |       |       |       ||    37
       Scimitar          |    82 |   146 |   185 |   225 ||   638
       Unarmed           |       |       |     3 |       ||     3
Throw: Dart              |       |       |     9 |       ||     9
 Cast: Magic Dart        |     6 |       |       |       ||     6
       Slow              |     5 |    12 |     2 |       ||    19
Evoke: Wand              |       |     1 |    11 |     7 ||    19
  Use: Scroll            |       |       |    14 |     5 ||    19
       Potion            |       |       |       |     1 ||     1
 Stab: Sleeping          |     4 |       |     4 |     2 ||    10
       Distracted        |     1 |       |     1 |       ||     2
       Paralysed         |       |       |     2 |       ||     2
Armor: Robe              |    15 |       |       |       ||    15
       Ring mail         |    52 |   102 |   180 |    23 ||   357
       Skin              |       |       |     1 |     1 ||     2
       Troll leather arm |       |       |       |    68 ||    68
Dodge: Dodged            |   107 |    89 |   260 |   123 ||   579
Block: Other             |       |       |    90 |    57 ||   147
       Reflection        |       |       |     4 |       ||     4
       Rpst.: Scimitar   |    23 |    19 |    30 |    29 ||   101
